SAAA
PAWNEE PARKSNREC @ SUNSET DISTRICT FOG
06/17/2037
 
TOP OF THE 1ST
Pawnee ParksNRec batting - Pitching for Sunset District Fog : RHP Panda Montana
Pitching: RHP Panda Montana
Batting: RHB Sherman N'Dir 0-0: Called Strike
0-1: Ball
1-1: Swinging Strike
1-2: Ground out 3-1 (Groundball, 34, EV 83.1 MPH)
Batting: RHB Josh Mawdesley 0-0: Ball
1-0: Ball
2-0: Foul Ball, location: 2F
2-1: Called Strike
2-2: Ball
3-2: Foul Ball, location: 2F
3-2: DOUBLE (Flyball, 8LXD, EV 92.5 MPH)
Batting: RHB Alan Patterson 0-0: Fly out, F7 (Line Drive, 7D, EV 84.4 MPH)
Batting: RHB Xi-ku See-to 0-0: DOUBLE (Line Drive, 89D, EV 105.0 MPH)
Josh Mawdesley scores
Batting: RHB Ken Bone 0-0: Ball
1-0: Ground out 6-3 (Groundball, 6, EV 107.5 MPH)
Top of the 1st over - 1 run, 2 hits, 0 errors, 1 left on base; Pawnee 1 - Sunset District 0
BOTTOM OF THE 1ST
Sunset District Fog batting - Pitching for Pawnee ParksNRec : RHP Aiden Dubhghall
Pitching: RHP Aiden Dubhghall
Batting: LHB Roderick Simpson 0-0: Called Strike
0-1: Ball
1-1: Ground out 5-3 (Groundball, 5, EV 81.9 MPH)
Batting: LHB Héctor Velázquez 0-0: Called Strike
0-1: DOUBLE (Line Drive, 78D, EV 105.6 MPH)
Batting: SHB Cecil Nelson 0-0: Ground out 5-3 (Groundball, 5, EV 82.5 MPH)
Batting: RHB Silvian Burger 0-0: Called Strike
0-1: Ground out 5-3 (Groundball, 56S, EV 74.4 MPH)
Bottom of the 1st over - 0 runs, 1 hit, 0 errors, 1 left on base; Pawnee 1 - Sunset District 0
TOP OF THE 2ND
Pawnee ParksNRec batting - Pitching for Sunset District Fog : RHP Panda Montana
Batting: RHB Robin Colwill 0-0: Foul Ball, location: 2F
0-1: Ball
1-1: Foul Ball, location: 2F
1-2: Foul Ball, location: 2F
1-2: Strikes out swinging
Batting: RHB Fletcher Megarity 0-0: Foul Ball, location: 2F
0-1: Swinging Strike
0-2: Foul Ball, location: 2F
0-2: Strikes out looking
Batting: RHB Charles Atkinson 0-0: Called Strike
0-1: TRIPLE (Flyball, 89XD, EV 105.0 MPH)
Batting: RHB Alejandro Carrillo 0-0: Ball
1-0: Foul Ball, location: 2F
1-1: SINGLE (Groundball, 56D, EV 100.6 MPH)
Charles Atkinson scores
Batting: RHB Sherman N'Dir 0-0: Called Strike
0-1: Ball
Wild Pitch!
Alejandro Carrillo to second
1-1: Ball
2-1: Called Strike
2-2: Ground out 4-3 (Groundball, 4, EV 82.5 MPH)
Top of the 2nd over - 1 run, 2 hits, 0 errors, 1 left on base; Pawnee 2 - Sunset District 0
BOTTOM OF THE 2ND
Sunset District Fog batting - Pitching for Pawnee ParksNRec : RHP Aiden Dubhghall
Batting: RHB Keohi Iese 0-0: Ball
1-0: Called Strike
1-1: SINGLE (Line Drive, 7LS, EV 111.2 MPH)
Batting: LHB Jesús Colón 0-0: Swinging Strike
0-1: Ball
1-1: Ball
2-1: Reached on error, E6 (Groundball, 6, EV 87.5 MPH)
Keohi Iese to second
Batting: RHB Vonne Navarrete 0-0: Grounds into double play, 6-4-3 (Groundball, 6S, EV 86.2 MPH)
Keohi Iese to third
Batting: RHB Will Dobson 0-0: Ball
1-0: Fly out, F7 (Flyball, 7S, EV 87.5 MPH)
Bottom of the 2nd over - 0 runs, 1 hit, 1 error, 1 left on base; Pawnee 2 - Sunset District 0
TOP OF THE 3RD
Pawnee ParksNRec batting - Pitching for Sunset District Fog : RHP Panda Montana
Batting: RHB Josh Mawdesley 0-0: Called Strike
0-1: Ball
1-1: Ball
2-1: Foul Ball, location: 2F
2-2: DOUBLE (Flyball, 78D, EV 93.1 MPH)
Batting: RHB Alan Patterson 0-0: Fly out, F7 (Flyball, 7S, EV 89.4 MPH)
Batting: RHB Xi-ku See-to 0-0: Ball
1-0: Swinging Strike
1-1: Foul Ball, location: 2F
1-2: Ball
2-2: Ball
3-2: Strikes out looking
Batting: RHB Ken Bone 0-0: Ball
1-0: Fly out, F9 (Flyball, 89D, EV 81.9 MPH)
Top of the 3rd over - 0 runs, 1 hit, 0 errors, 1 left on base; Pawnee 2 - Sunset District 0
BOTTOM OF THE 3RD
Sunset District Fog batting - Pitching for Pawnee ParksNRec : RHP Aiden Dubhghall
Batting: RHB George Hubbard 0-0: Ball
1-0: Ground out 6-3 (Groundball, 6, EV 81.9 MPH)
Batting: LHB Roderick Simpson 0-0: Foul Ball, location: 2F
0-1: Ball
1-1: DOUBLE (Line Drive, 3D, EV 110.0 MPH)
Batting: LHB Héctor Velázquez 0-0: Ball
1-0: Ball
2-0: Ball
3-0: Base on Balls
Batting: SHB Cecil Nelson 0-0: Called Strike
Roderick Simpson steals 3rd base
Héctor Velázquez to second
0-1: Ball
1-1: Ball
2-1: Foul Ball, location: 2F
2-2: Foul Ball, location: 2F
2-2: DOUBLE (Line Drive, 9LM, EV 103.1 MPH)
Roderick Simpson scores
Héctor Velázquez scores
Batting: RHB Silvian Burger 0-0: Ball
1-0: Foul Ball, location: 2F
1-1: Ball
2-1: Foul Ball, location: 2F
2-2: Foul Ball, location: 2F
2-2: Ground out 6-3 (Groundball, 6, EV 110.6 MPH)
Batting: RHB Keohi Iese 0-0: Ball
1-0: Called Strike
1-1: Swinging Strike
1-2: Ball
2-2: Ground out 1-3 (Groundball, 15, EV 88.1 MPH)
Bottom of the 3rd over - 2 runs, 2 hits, 0 errors, 1 left on base; Pawnee 2 - Sunset District 2
TOP OF THE 4TH
Pawnee ParksNRec batting - Pitching for Sunset District Fog : RHP Panda Montana
Batting: RHB Robin Colwill 0-0: Foul Ball, location: 2F
0-1: Foul Ball, location: 2F
0-2: Ball
1-2: Strikes out swinging
Batting: RHB Fletcher Megarity 0-0: Called Strike
0-1: Ball
1-1: Ball
2-1: SINGLE (Groundball, 5S, EV 75.6 MPH) (infield hit)
Batting: RHB Charles Atkinson 0-0: Ball
1-0: Ball
2-0: Swinging Strike
2-1: Called Strike
2-2: Strikes out swinging
Batting: RHB Alejandro Carrillo 0-0: Ball
1-0: Called Strike
1-1: Ground out 3-1 (Groundball, 3, EV 84.4 MPH)
Top of the 4th over - 0 runs, 1 hit, 0 errors, 1 left on base; Pawnee 2 - Sunset District 2
BOTTOM OF THE 4TH
Sunset District Fog batting - Pitching for Pawnee ParksNRec : RHP Aiden Dubhghall
Batting: LHB Jesús Colón 0-0: Ball
1-0: Ball
2-0: Foul Ball, location: 2F
2-1: DOUBLE (Line Drive, 78D, EV 106.9 MPH)
Batting: RHB Vonne Navarrete 0-0: Ball
1-0: SINGLE (Groundball, 56D, EV 94.4 MPH)
Jesús Colón to third
Batting: RHB Will Dobson 0-0: Called Strike
0-1: Called Strike
0-2: Strikes out swinging
Batting: RHB George Hubbard 0-0: Ball
1-0: Ball
2-0: Ball
3-0: Base on Balls
Vonne Navarrete to second
Batting: LHB Roderick Simpson 0-0: Called Strike
0-1: Grounds into fielders choice 1-2 (Groundball, P, EV 86.2 MPH)
Vonne Navarrete to third
George Hubbard to second
Batting: LHB Héctor Velázquez 0-0: Called Strike
0-1: Ball
Wild Pitch!
Vonne Navarrete scores
George Hubbard to third
Roderick Simpson to second
1-1: Ball
2-1: DOUBLE (Line Drive, 9LS, EV 96.9 MPH)
George Hubbard scores
Roderick Simpson scores
Batting: SHB Cecil Nelson 0-0: Ball
1-0: Foul Ball, location: 2F
1-1: Ball
2-1: Ball
3-1: Foul Ball, location: 2F
3-2: Foul Ball, location: 2F
3-2: Ground out 4-3 (Groundball, 4, EV 107.5 MPH)
Bottom of the 4th over - 3 runs, 3 hits, 0 errors, 1 left on base; Pawnee 2 - Sunset District 5
TOP OF THE 5TH
Pawnee ParksNRec batting - Pitching for Sunset District Fog : RHP Panda Montana
Batting: RHB Sherman N'Dir 0-0: Fly out, F8 (Flyball, 8RD, EV 105.6 MPH)
Batting: RHB Josh Mawdesley 0-0: Ball
1-0: Called Strike
1-1: Swinging Strike
1-2: Foul Ball, location: 2F
1-2: Ball
2-2: Fly out, F7 (Flyball, 7, EV 85.6 MPH)
Batting: RHB Alan Patterson 0-0: Ball
1-0: Ball
2-0: Fly out, F9 (Flyball, 9D, EV 80.6 MPH)
Top of the 5th over - 0 runs, 0 hits, 0 errors, 0 left on base; Pawnee 2 - Sunset District 5
BOTTOM OF THE 5TH
Sunset District Fog batting - Pitching for Pawnee ParksNRec : RHP Aiden Dubhghall
Batting: RHB Silvian Burger 0-0: Called Strike
0-1: Foul Ball, location: 2F
0-2: Fly out, F7 (Flyball, 78D, EV 81.2 MPH)
Batting: RHB Keohi Iese 0-0: Foul Ball, location: 2F
0-1: Ball
1-1: Ball
2-1: Ball
3-1: Base on Balls
Batting: LHB Jesús Colón 0-0: Fielders Choice at 2nd, 4-6 (Groundball, 34, EV 87.5 MPH)
Batting: RHB Vonne Navarrete 0-0: Called Strike
0-1: Called Strike
0-2: Strikes out swinging
Bottom of the 5th over - 0 runs, 0 hits, 0 errors, 1 left on base; Pawnee 2 - Sunset District 5
TOP OF THE 6TH
Pawnee ParksNRec batting - Pitching for Sunset District Fog : RHP Panda Montana
Batting: RHB Xi-ku See-to 0-0: Ball
1-0: Ball
2-0: Foul Ball, location: 2F
2-1: Foul Ball, location: 2F
2-2: Foul Ball, location: 2F
2-2: Strikes out looking
Batting: RHB Ken Bone 0-0: Ball
1-0: Fly out, F9 (Line Drive, 9, EV 96.2 MPH)
Batting: RHB Robin Colwill 0-0: Foul Ball, location: 2F
0-1: Called Strike
0-2: Ball
1-2: Strikes out swinging
Top of the 6th over - 0 runs, 0 hits, 0 errors, 0 left on base; Pawnee 2 - Sunset District 5
BOTTOM OF THE 6TH
Sunset District Fog batting - Pitching for Pawnee ParksNRec : RHP Aiden Dubhghall
Batting: RHB Will Dobson 0-0: Ball
1-0: Called Strike
1-1: Ball
2-1: Foul Ball, location: 2F
2-2: Ball
3-2: Strikes out swinging
Batting: RHB George Hubbard 0-0: Swinging Strike
0-1: Ball
1-1: Called Strike
1-2: Ground out 2-3 (Groundball, 2L, EV 66.9 MPH)
Batting: LHB Roderick Simpson 0-0: Ball
1-0: Ball
2-0: SINGLE (Flyball, 89S, EV 93.8 MPH)
Batting: LHB Héctor Velázquez 0-0: Ball
1-0: Ball
2-0: Ball
3-0: Called Strike
3-1: Foul Ball, location: 2F
3-2: Base on Balls
Roderick Simpson to second
Pitching: LHP José Flores
Batting: SHB Cecil Nelson 0-0: Swinging Strike
0-1: Ball
1-1: Fly out, F9 (Flyball, 89D, EV 103.8 MPH)
Bottom of the 6th over - 0 runs, 1 hit, 0 errors, 2 left on base; Pawnee 2 - Sunset District 5
TOP OF THE 7TH
Pawnee ParksNRec batting - Pitching for Sunset District Fog : RHP Panda Montana
Batting: RHB Fletcher Megarity 0-0: Foul Ball, location: 2F
0-1: Swinging Strike
0-2: Ball
1-2: Strikes out swinging
Pitching: RHP Abraham van der Meulen
Batting: RHB Charles Atkinson 0-0: Ball
1-0: Swinging Strike
1-1: Ball
2-1: Foul Ball, location: 2F
2-2: Foul Ball, location: 2F
2-2: Ball
3-2: Fly out, F5 (Popup, 5S, EV 82.5 MPH)
Batting: RHB Alejandro Carrillo 0-0: Ball
1-0: Called Strike
1-1: Ball
2-1: Ball
3-1: Swinging Strike
3-2: Ground out 6-3 (Groundball, 56, EV 100.0 MPH)
Top of the 7th over - 0 runs, 0 hits, 0 errors, 0 left on base; Pawnee 2 - Sunset District 5
BOTTOM OF THE 7TH
Sunset District Fog batting - Pitching for Pawnee ParksNRec : LHP José Flores
Batting: RHB Silvian Burger 0-0: Called Strike
0-1: Swinging Strike
0-2: Ball
1-2: Ground out 6-3 (Groundball, 6, EV 106.2 MPH)
Batting: RHB Keohi Iese 0-0: Called Strike
0-1: Called Strike
0-2: Strikes out swinging
Batting: LHB Jesús Colón 0-0: Ball
1-0: Ball
2-0: Ball
3-0: Base on Balls
Batting: RHB Vonne Navarrete 0-0: Called Strike
0-1: Foul Ball, location: 2F
0-2: SINGLE (Line Drive, 89M, EV 101.9 MPH)
Jesús Colón to second
Batting: RHB Will Dobson 0-0: Ball
1-0: Called Strike
1-1: Foul Ball, location: 2F
1-2: Ball
2-2: Foul Ball, location: 2F
2-2: Ball
3-2: Ground out 4-3 (Groundball, 4, EV 88.1 MPH)
Bottom of the 7th over - 0 runs, 1 hit, 0 errors, 2 left on base; Pawnee 2 - Sunset District 5
TOP OF THE 8TH
Pawnee ParksNRec batting - Pitching for Sunset District Fog : RHP Abraham van der Meulen
Now in CF: Zack Murphy
Batting: RHB Sherman N'Dir 0-0: Foul Ball, location: 2F
0-1: Ball
1-1: Ball
2-1: DOUBLE (Line Drive, 3D, EV 104.4 MPH)
Batting: RHB Josh Mawdesley 0-0: Ball
1-0: Ball
2-0: Swinging Strike
2-1: Foul Ball, location: 2F
2-2: Foul Ball, location: 2F
2-2: Foul Ball, location: 2F
2-2: Strikes out looking
Batting: RHB Alan Patterson 0-0: Ball
1-0: Ball
2-0: Ball
3-0: Base on Balls
Batting: RHB Xi-ku See-to 0-0: Called Strike
0-1: Reached on error, E5 (Groundball, 56S, EV 71.9 MPH)
Sherman N'Dir scores
Alan Patterson to third
Pitching: RHP José Muñóz
Batting: RHB Ken Bone 0-0: Ball
1-0: Fly out, F9 (Line Drive, 9D, EV 92.5 MPH)
Runner from 3rd tags up, SCORES, no throw by RF
Batting: RHB Robin Colwill 0-0: Fly out, F7 (Flyball, 78D, EV 99.4 MPH)
Top of the 8th over - 2 runs, 1 hit, 1 error, 1 left on base; Pawnee 4 - Sunset District 5
BOTTOM OF THE 8TH
Sunset District Fog batting - Pitching for Pawnee ParksNRec : LHP José Flores
Batting: RHB George Hubbard 0-0: Ball
1-0: Ball
2-0: Fly out, F3 (Popup, 3S, EV 66.2 MPH)
Batting: LHB Roderick Simpson 0-0: Called Strike
0-1: Swinging Strike
0-2: Ball
1-2: Strikes out looking
Batting: LHB Héctor Velázquez 0-0: DOUBLE (Line Drive, 7LM, EV 110.0 MPH)
Batting: SHB Cecil Nelson 0-0: Called Strike
0-1: Ball
1-1: Foul Ball, location: 2F
1-2: Reached via error on a dropped throw from P, E3 (Groundball, 25, EV 83.1 MPH)
Héctor Velázquez to third
Batting: RHB Silvian Burger 0-0: Swinging Strike
0-1: Ball
1-1: Swinging Strike
1-2: Strikes out swinging
Bottom of the 8th over - 0 runs, 1 hit, 1 error, 2 left on base; Pawnee 4 - Sunset District 5
TOP OF THE 9TH
Pawnee ParksNRec batting - Pitching for Sunset District Fog : RHP José Muñóz
Pitching: RHP Paco Garza
Pinch Hitting: LHB Vance Corkum 0-0: Ball
1-0: Ball
2-0: Called Strike
2-1: Ground out 6-3 (Groundball, 6M, EV 76.2 MPH)
Batting: RHB Charles Atkinson 0-0: Ball
1-0: Ball
2-0: Ball
3-0: Swinging Strike
3-1: Base on Balls
Batting: RHB Alejandro Carrillo 0-0: Called Strike
0-1: Ball
1-1: Swinging Strike
1-2: Foul Ball, location: 2F
1-2: Strikes out swinging
Batting: RHB Sherman N'Dir 0-0: Fly out, F7 (Flyball, 7D, EV 91.9 MPH)
Top of the 9th over - 0 runs, 0 hits, 0 errors, 1 left on base; Pawnee 4 - Sunset District 5
Thursday, January 23rd, 2020 - OOTP Baseball 20.8 Build 74